cohdb
Replays
Latest Replays
All Replays
Popular Replays
Top Player Replays
Match Explorer
How It Works
Community
CoH3 Stats
Reddit
Sign in to upload your games and track your stats! →
Sign in with Steam
Match 41800057
Unlisted
Match 41800057
Overview
Messages
Build Orders
End
Construct Weapon Support Center
Selects Heavy Weapons
M1919 Machine Gun Team
M1919 Machine Gun Team
Construct Barracks
Riflemen Squad
Riflemen Squad
Mechanized Support Center
Selects Assault Carriers
M3 Assault Carrier
ZeroFuqsGiven
pete748
Chase
yourbasicstud
0
0
Comments
sign in to comment!
No comments posted yet!